 Dungeon Crawl Stone Soup version 0.29.1-14-g9c671dbff4 (webtiles) character file.

Game seed: 12648878446534610945

23 Heoruswealwe the Caller (level 2, -1/15 HPs)
             Began as a Deep Elf Summoner on Feb 15, 2023.
             Was a Follower of Elyvilon.
             Slain by an adder (2 damage)
             ... on level 2 of the Dungeon.
             The game lasted 00:16:01 (1156 turns).

Heoruswealwe the Caller (Deep Elf Summoner)         Turns: 1156, Time: 00:16:02

Health: -1/15      AC:  2    Str:  4 (5)  XL:     2   Next: 72%
Magic:  8/8        EV: 12    Int: 18 (19) God:    Elyvilon [*.....]
Gold:   68         SH:  0    Dex: 13 (15) Spells: 6/7 levels left

rFire   . . .      SeeInvis .   m - +0 falchion
rCold   . . .      Faith    .   (no shield)
rNeg    . . .      Spirit   .   a - +0 robe
rPois   .          Reflect  .   (no helmet)
rElec   .          Harm     .   (no cloak)
rCorr   .          Rampage  .   (no gloves)
Will    .....                   (no boots)
Stlth   ++........              (no amulet)
HPRegen 0.05/turn               (no ring)
MPRegen 0.11/turn               (no ring)

@: lethally poisoned (-1 -> -4)
A: no striking features
a: Renounce Religion, Purification


You were on level 2 of the Dungeon.
You worshipped Elyvilon.
Elyvilon was aware of your devotion.
You visited 1 branch of the dungeon, and saw 2 of its levels.

You collected 68 gold pieces.

Inventory:

Hand Weapons
 f - a +0 dagger
 h - a +0 spear of flaming
 i - a +0 dagger of freezing
 j - a +0 dagger
 l - a +0 short sword
 m - a +0 falchion (weapon)
 s - a +0 club
 t - a +0 whip
 u - a +0 short sword
Missiles
 g - 2 poisoned darts
 o - 19 stones
Armour
 a - a +0 robe (worn)
 k - a +0 ring mail
 q - a +0 robe
 v - a +0 leather armour
Scrolls
 d - 4 scrolls of identify {unknown}
 e - a scroll of summoning {unknown}
 n - a scroll of magic mapping {unknown}
 p - a scroll of enchant weapon {unknown}
Potions
 b - a potion of magic


   Skills:
 + Level 0.0 Fighting
 + Level 0.0 Long Blades
 + Level 2.4 Dodging
 + Level 2.5 Stealth
 * Level 3.1 Spellcasting
 + Level 0.0 Conjurations
 + Level 0.1 Hexes
 * Level 4.4 Summonings
 + Level 0.5 Necromancy
 + Level 0.3 Translocations
 + Level 0.0 Transmutations
 + Level 1.0 Fire Magic
 + Level 0.3 Ice Magic
 + Level 0.2 Air Magic
 + Level 0.0 Earth Magic
 + Level 0.4 Poison Magic
 + Level 0.2 Invocations
 + Level 0.5 Evocations


You had 6 spell levels left.
You knew the following spells:

 Your Spells              Type           Power      Damage    Failure   Level
a - Summon Small Mammal   Summ           72%        N/A       2%          1

Your spell library contained the following spells:

 Spells                   Type           Power      Damage    Failure   Level
 Call Imp                 Summ           18%        N/A       4%          2
 Call Canine Familiar     Summ           18%        N/A       8%          3
 Freeze                   Ice            16%        1d4       14%         1
 Summon Guardian Golem    Hex/Summ       11%        N/A       19%         3
 Frozen Ramparts          Ice            8%         1d2       38%         3
 Summon Lightning Spire   Summ/Air       11%        N/A       52%         4
 Hailstorm                Conj/Ice       3%         3d3       83%         4


Dungeon Overview and Level Annotations

Branches:
Dungeon (2/15)

Altars:
Elyvilon

Annotations:
D:2 Jessica, Natasha


Message History

You hit the endoplasm.
You kill the endoplasm!
You feel sick. The adder misses you.
The frilled lizard bites you but does no damage.
You closely miss the adder.
You feel sick. The adder bites you.
You are lethally poisoned!
The adder poisons you! The frilled lizard bites you.
The adder bites you but does no damage.
It was a potion of ambrosia.
You are confused.
You feel invigorated.
You feel sick. The frilled lizard barely misses you. The adder misses you.
It was a potion of degeneration.
There was something very wrong with that liquid.
You feel weakened.
You feel dopey.
You feel clumsy.
You feel sick. The adder misses you. The frilled lizard bites you.
The adder barely misses you.
You bump into the rock wall.
You feel sick. The frilled lizard bites you. The adder bites you.
You miss the frilled lizard.
You feel sick. The frilled lizard bites you. The adder barely misses you.
The frilled lizard closely misses you.
You're too confused to move!
You feel sick. The adder bites you. The adder closely misses you.
The frilled lizard barely misses you.
You hit the adder.
The adder is heavily wounded.
You feel less invigorated.
You feel less confused.
You feel sick. The adder bites you.
You are more poisoned.
The adder poisons you! The frilled lizard barely misses you.
You barely miss the adder.
The adder is heavily wounded.
You feel sick. The adder bites you. The frilled lizard closely misses you.
The adder bites you.
* * * LOW HITPOINT WARNING * * *
You miss the adder.
The adder is heavily wounded.
* * * LOW HITPOINT WARNING * * *
You feel sick. The adder bites you.
You die...

....#####
...!...#
.......#
#......#
+......+
#......#
+.lS...+
#.@....#
####...#
..# ####
.# #.<# +
#..# ##@#
#..hh#
#....5.


You could see an adder and a frilled lizard.

Vanquished Creatures
  2 endoplasms
  3 giant cockroaches
  A goblin (D:1)
  A hobgoblin (D:1)
  2 jackals
  2 kobolds (D:1)
  2 rats (D:1)
13 creatures vanquished.

Vanquished Creatures (collateral kills)
  4 kobolds (D:1)
  A quokka (D:1)
  A ball python (D:1)
6 creatures vanquished.

Grand Total: 19 creatures vanquished

Notes
Turn   | Place    | Note
-------+----------+-------------------------------------------
     0 | D:1      | Heoruswealwe the Deep Elf Summoner began the quest for the
                  | Orb.
     0 | D:1      | Reached XP level 1. HP: 10/10 MP: 6/6
     0 | D:1      | Noticed an orb of fire
     0 | D:1      | Noticed a golden dragon
     3 | D:1      | Noticed a yellow draconian
     3 | D:1      | Noticed an iron dragon
     6 | D:1      | Noticed an iron dragon
     7 | D:1      | Noticed an orb of fire
     8 | D:1      | Noticed a large abomination
    11 | D:1      | Noticed an iron dragon
    11 | D:1      | Noticed an ice dragon
    13 | D:1      | Noticed an orb of fire
    14 | D:1      | Noticed an ice dragon
    16 | D:1      | Noticed an ice dragon
    18 | D:1      | Noticed an orb of fire
    18 | D:1      | Noticed a tentacled monstrosity
    20 | D:1      | Noticed a white draconian
    20 | D:1      | Noticed an ice dragon
    24 | D:1      | Noticed a tentacled monstrosity
   298 | D:1      | Reached XP level 2. HP: 15/15 MP: 5/8
   510 | D:1      | Found a faded altar of an unknown god.
   518 | D:1      | Prayed at the altar of an unknown god.
   518 | D:1      | Became a worshipper of Elyvilon the Healer
   518 | D:1      | Reached * piety under Elyvilon
   911 | D:2      | Noticed Jessica
   917 | D:2      | Noticed Natasha
   926 | D:1      | Reached skill level 1 in Fire Magic
  1156 | D:2      | Slain by an adder

Illustrated notes

Levels and vault maps discovered:
D:1:      shiori_arrival_whats_in_store_for_you, layout_basic,
          basic_ecumenical_altar, minmay_misc_feat_four_crosses,
          chequers_serial_rivers_small_a
D:2:      layout_basic, uniq_jessica, uniq_natasha, uniq_crazy_yiuf_cottage

Skill      XL: |  1  2 |
---------------+-------+-----
Fire Magic     | 1 |  1.0
Dodging        | |  2.4
Stealth        | |  2.5
Spellcasting   | |  3.1
Hexes          | |  0.1
Summonings     | |  4.4
Necromancy     | |  0.5
Translocations | |  0.3
Ice Magic      | |  0.3
Air Magic      | |  0.2
Poison Magic   | |  0.4
Invocations    | |  0.2
Evocations     | |  0.5

Action                   || total
-------------------------++-------
Melee: Dagger            ||     2
       Spear             ||     1
       Falchion          ||    34
 Cast: Summon Small Mamm ||    22
  Use: Potion            ||     2
Armor: Robe              ||    10
Dodge: Dodged            ||    42
